 Dungeon Crawl Stone Soup version 0.16.1-14-g82efdee (webtiles) character file.

723 KarvaRausku the Cleaver (level 8, -7/58 HPs)
             Began as a Human Fighter on Apr 14, 2015.
             Mangled by an ice beast (13 damage)
             ... on level 5 of the Dungeon.
             The game lasted 00:13:39 (4885 turns).

KarvaRausku the Cleaver (Human Fighter)             Turns: 4885, Time: 00:13:39

Health: -7/58      AC: 11    Str: 18    XL:     8   Next: 2%
Magic:  8/8        EV:  3    Int:  8    God:
Gold:   349        SH:  9    Dex: 14    Spells: 0 memorised, 7 levels left

rFire  + . .     SeeInvis .     a - +0 war axe
rCold  x . .     Clarity  .     y - +0 plate armour
rNeg   . . .     SustAb   .     c - +0 shield
rPois  .         Gourm    .     (no helmet)
rElec  .         Spirit   .     (no cloak)
rCorr  .         Warding  .     (no gloves)
rMut   .         Stasis   .     (no boots)
MR     .....                    (no amulet)
Stlth  ..........               r - ring of fire
                                E - ring of loudness (curse)

@: not resistant to hostile enchantments, extremely unstealthy
A: no striking features
a: no special abilities


You were on level 5 of the Dungeon.
You were not hungry.

You visited 1 branch of the dungeon, and saw 6 of its levels.

You collected 349 gold pieces.

Inventory:

Hand weapons
 a - a +0 war axe (weapon)
 C - a +0 dire flail
Armour
 b - a +0 scale mail
 c - a +0 shield (worn)
 h - a +0 helmet
 y - a +0 plate armour (worn)
Jewellery
 l - an uncursed ring of teleportation
 r - a ring of fire (right hand)
 E - a cursed ring of loudness (left hand)
Magical devices
 s - a wand of polymorph (9)
 t - a wand of digging (17)
Scrolls
 f - 3 scrolls of teleportation {unknown}
 g - 5 scrolls of remove curse
 i - a scroll of recharging {unknown}
 k - 4 scrolls of identify
 n - 2 scrolls of blinking {unknown}
 p - a scroll of random uselessness {unknown}
 q - a scroll of noise {unknown}
 u - 3 scrolls of enchant weapon {unknown}
 x - 2 scrolls of fog {unknown}
 G - a scroll of magic mapping
Potions
 e - 3 potions of might
 j - 5 potions of curing
 o - 3 potions of brilliance {unknown}
 v - a potion of haste {unknown}
 w - 2 potions of resistance {unknown}
 z - a potion of cancellation {unknown}
 A - a potion of lignification {unknown}
 B - a potion of restore abilities {unknown}
Comestibles
 d - 4 bread rations
 F - a beef jerky
 H - a slice of pizza


   Skills:
 - Level 3.0 Fighting
 + Level 8.5 Axes
 - Level 3.0 Armour
 - Level 3.0 Shields


You had 7 spell levels left.
You didn't know any spells.

Dungeon Overview and Level Annotations

Branches:
Dungeon (6/15)
 Temple: D:4-7

Altars:
Fedhas
Makhleb
Yredelemnul


Message History

The ice beast hits you but does no damage.
You closely miss the ice beast.
The ice beast is almost dead.
The ice beast hits you but does no damage.
You hit the ice beast.
The ice beast is almost dead.
The ice beast hits you but does no damage.
You are too injured to fight recklessly!
You are too injured to fight recklessly!
You completely miss the ice beast.
The ice beast is almost dead.
You block the ice beast's attack.
You are too injured to fight recklessly!
You are too injured to fight recklessly!
You completely miss the ice beast.
The ice beast is almost dead.
The ice beast hits you.
* * * LOW HITPOINT WARNING * * *
The ice beast freezes you!
You feel a terrible chill!
You die...

#....................#
#.#######............#
#.#####..............#
....†................#
#.#####..._..........# #.#
#..............# #.#
#..............#
#.#####.##...........#
...............Y@.####
#........###.####.###
#........#..........######
#........#..........'....#
#........#..........###.##
#........#..........# #.#
#........#..........# #.#
#........#....).....# #.#
#........#........[.# #.#


You could see an ice beast.

Vanquished Creatures
  2 centaurs (D:5)
  An ogre (D:5)
  Blork the orc (D:4)
  3 crimson imps
  A hound (D:5)
  A giant frog skeleton (D:5)
  A worker ant (D:4)
  3 gnolls (D:3)
  6 adders
  4 worms
  A shadow imp (D:4)
  An adder zombie (D:5)
  2 giant geckos
  16 orcs
  9 bats
  3 giant cockroaches
  12 goblins
  13 hobgoblins
  14 kobolds
  6 quokkas
  A ball python (D:3)
  5 giant newts
  4 jackals (D:5)
  8 rats
118 creatures vanquished.

Notes
Turn   | Place    | Note
--------------------------------------------------------------
     0 | D:1      | KarvaRausku, the Human Fighter, began the quest for the Orb.
     0 | D:1      | Reached XP level 1. HP: 18/18 MP: 1/1
   148 | D:1      | Reached XP level 2. HP: 24/24 MP: 2/2
   573 | D:2      | Found a basalt altar of Yredelemnul.
   602 | D:2      | Reached XP level 3. HP: 29/29 MP: 3/3
   905 | D:2      | Reached skill level 4 in Axes
   905 | D:2      | Reached XP level 4. HP: 25/35 MP: 4/4
  1070 | D:2      | Found a blossoming altar of Fedhas.
  1373 | D:3      | Reached XP level 5. HP: 23/41 MP: 5/5
  1433 | D:3      | Reached skill level 5 in Axes
  2310 | D:4      | Reached XP level 6. HP: 34/47 MP: 6/6
  2320 | D:4      | Reached skill level 6 in Axes
  2936 | D:4      | Noticed Blork the orc
  2947 | D:4      | Killed Blork the orc
  3249 | D:5      | Entered Level 5 of the Dungeon
  3368 | D:5      | Found a burning altar of Makhleb.
  3380 | D:5      | Reached skill level 7 in Axes
  3380 | D:5      | Reached XP level 7. HP: 9/52 MP: 7/7
  3735 | D:5      | Found a burning altar of Makhleb.
  4065 | D:5      | Reached skill level 8 in Axes
  4548 | D:6      | Reached XP level 8. HP: 55/58 MP: 8/8
  4563 | D:6      | HP: 1/58 [orc warrior/trident (10)]
  4885 | D:5      | Mangled by an ice beast

Action                   |  1- 3 |  4- 6 |  7- 9 || total
-------------------------+-------+-------+-------++-------
Melee: War axe           |    82 |   231 |   124 ||   437
  Use: Scroll            |       |     4 |       ||     4
       Potion            |       |     3 |       ||     3
  Eat: Chunk             |       |     8 |     3 ||    11
       Royal jelly       |       |       |     1 ||     1
